 Dungeon Crawl Stone Soup version 0.30-a0-149-g7f746667c4 (webtiles) character file.

Game seed: 14292201717693447019

1686 zishaf the Trooper (level 9, -4/73 HPs)
             Began as a Vine Stalker Brigand on Sept 26, 2022.
             Killed from afar by a steam dragon (13 damage)
             ... with a ball of steam
             ... on level 7 of the Dungeon.
             The game lasted 00:13:50 (6059 turns).

zishaf the Trooper (Vine Stalker Brigand)           Turns: 6059, Time: 00:13:52

Health: -4/73      AC: 12    Str: 16    XL:     9   Next: 2%
Magic:  0/10       EV: 11    Int: 11    God:
Gold:   473        SH:  0    Dex: 20    Spells: 8/8 levels left

rFire   . . .      SeeInvis .    a - +2 dagger (vorpal)
rCold   + . .      Faith    +    (no shield)
rNeg    . . .      Spirit   +    u - +3 ring mail
rPois   .          Reflect  .    (no helmet)
rElec   .          Harm     .    c - +0 cloak
rCorr   +          Rampage  .    m - +0 pair of gloves
Will    +....                    A - +1 pair of boots
Stlth   ..........               l - amulet of faith
HPRegen 1.02/turn                y - ring "Lups" {rC+ rCorr Str+2 Stlth+}
MPRegen 0.12/turn                h - +4 ring of slaying

@: berserking, very quick
A: fangs 3, regeneration 1, magic shield, antimagic bite, no potion heal 2
a: no special abilities


You were on level 7 of the Dungeon.
You visited 2 branches of the dungeon, and saw 8 of its levels.

You collected 473 gold pieces.

Inventory:

Hand Weapons
 a - a +2 vorpal dagger (weapon)
Missiles
 d - 4 poisoned darts (quivered)
 e - 3 curare-tipped darts
Armour
 c - a +0 cloak (worn)
 m - a +0 pair of gloves (worn)
 u - a +3 ring mail (worn)
 w - a +2 scale mail of cold resistance
 A - a +1 pair of boots (worn)
Jewellery
 h - a +4 ring of slaying (right hand)
 j - a ring of ice
 l - an amulet of faith (around neck)
 y - the ring "Lups" (left hand) {rC+ rCorr Str+2 Stlth+}
   (You found it on level 3 of the Dungeon)

   [ring of resist corrosion]

   Str:       It affects your strength (+2).
   rC:        It protects you from cold.
   rCorr:     It protects you from acid and corrosion.
   Stlth:     It makes you more stealthy.
Wands
 z - a wand of roots (3)
Scrolls
 b - a scroll of blinking
 p - 2 scrolls of fog
 q - a scroll of teleportation
 v - a scroll of immolation
Potions
 f - a potion of brilliance {unknown}
 g - 2 potions of might
 k - 3 potions of curing
 n - a potion of flight
 o - a potion of cancellation {unknown}
 B - a potion of magic
 C - a potion of ambrosia
 D - 2 potions of attraction
 E - a potion of invisibility


   Skills:
 + Level 6.3 Fighting
 + Level 6.3 Short Blades
 - Level 4.0 Throwing
 - Level 1.0 Dodging
 - Level 5.0 Stealth
 + Level 3.5 Evocations


You had 8 spell levels left.
You didn't know any spells.
Your spell library contained the following spells:

 Spells                   Type           Power      Damage    Failure   Level
 Slow                     Hex            0%         N/A       56%         1
 Blink                    Tloc           0%         N/A       71%         2
 Ensorcelled Hibernation  Hex/Ice        0%         N/A       71%         2
 Passwall                 Tmut/Erth      0%         N/A       71%         2
 Sublimation of Blood     Necr           0%         N/A       71%         2
 Wereblood                Tmut           0%         N/A       71%         2
 Inner Flame              Hex/Fire       0%         N/A       90%         3
 Lesser Beckoning         Tloc           0%         N/A       90%         3
 Portal Projectile        Hex/Tloc       0%         N/A       90%         3
 Summon Guardian Golem    Hex/Summ       0%         N/A       90%         3
 Swiftness                Air            0%         N/A       90%         3
 Tukima's Dance           Hex            0%         N/A       90%         3
 Cause Fear               Hex            0%         N/A       100%        4
 Leda's Liquefaction      Hex/Erth       0%         N/A       100%        4
 Manifold Assault         Tloc           0%         N/A       100%        4
 Lee's Rapid Deconstruct  Erth           0%         3d5*      100%        5
 Statue Form              Tmut/Erth      0%         N/A       100%        6
 Storm Form               Tmut/Air       0%         N/A       100%        7
 Summon Hydra             Summ           0%         N/A       100%        7
 Discord                  Hex            0%         N/A       100%        8
 Fire Storm               Conj/Fire      0%         5d1       100%        9


Dungeon Overview and Level Annotations

Branches:
Dungeon (7/15)             Temple (1/1) D:4

Altars:
Ashenzari
Cheibriados
Dithmenos
Elyvilon
Gozag
Hepliaklqana
Kikubaaqudgha
Makhleb
Nemelex Xobeh
Okawaru
Ru
Sif Muna
Vehumet
Yredelemnul
Zin
The Shining One


Innate Abilities, Weirdness & Mutations

You have razor-sharp teeth.
Your natural rate of healing is unusually fast.
When hurt, damage is shared between your health and your magic reserves.
Your bite disrupts and absorbs the magic of your enemies.
Potions cannot restore your health.


Message History

You miss the killer bee.
The killer bee is lightly wounded.
The killer bee stings you. The killer bee stings you!
* * * LOW HITPOINT WARNING * * *
You hit the killer bee.
The killer bee is heavily wounded.
The killer bee stings you!
* * * LOW HITPOINT WARNING * * *
A red film seems to cover your vision as you go berserk!
You feel yourself moving faster!
You feel mighty! The killer bee completely misses you.
The killer bee closely misses you.
You puncture the killer bee!
You kill the killer bee!
The bullfrog snags a nearby baby bat with its tongue.
You puncture the bullfrog!
The bullfrog is heavily wounded.
You puncture the bullfrog!
You kill the bullfrog!
You have reached level 9!
Your experience leads to an increase in your attributes!
Your base attributes are Str 14, Int 11, Dex 18.
Increase (S)trength, (I)ntelligence, or (D)exterity?
You feel agile. x2
The steam dragon breathes steam at you. The ball of steam hits you!
* * * LOW HITPOINT WARNING * * *
You hear a shout!
Things that are here:
a killer bee corpse; a killer bee corpse; a killer bee corpse You puncture the steam dragon!
Your bite misses the steam dragon.
The steam dragon is moderately wounded.
You are engulfed in a cloud of scalding steam.
* * * LOW HITPOINT WARNING * * *
You barely miss the steam dragon. Your bite misses the steam dragon.
The steam dragon is moderately wounded.
You are engulfed in a cloud of scalding steam.
* * * LOW HITPOINT WARNING * * *
The steam dragon breathes steam at you. The ball of steam hits you!
You die...

#..#.#........<#..#
#..#..............#
#..#..............#
#..#..###.######..# #
#..............#..#
####.##.#..###.##......#
........#..###.#....#.##
####.##D............#.#
# #@#..###.#.####.#
#§#..# #.#.#
#§#..###.#†####+##
#.#......#........
..#......#........
###......##.......
..........'.......
###......##.......
#......##.......


You could see a steam dragon (catching breath).

Vanquished Creatures
  An acid dragon (D:5)
  An ogre (D:5)
  3 phantoms
  2 bullfrogs
  A scorpion (D:4)
  10 killer bees (D:7)
  A howler monkey (D:5)
  An electric eel (D:6)
  3 hounds
  5 iguanas
  Terence (D:3)
  2 orc wizards
  Natasha (thrice) (D:3)
  6 gnolls
  3 adders (D:2)
  2 shadow imps
  An ufetubus (D:6)
  A dart slug (D:5)
  12 orcs
  9 ball pythons
  6 bats
  5 endoplasms
  4 giant cockroaches
  8 hobgoblins
  6 jackals
  2 kobolds (D:2)
  5 quokkas
  2 frilled lizards (D:1)
  6 goblins
  10 rats
  2 bushes (D:1)
124 creatures vanquished.

Vanquished Creatures (others)
  A plant (D:1)
1 creature vanquished.

Grand Total: 125 creatures vanquished

Notes
Turn   | Place    | Note
-------+----------+-------------------------------------------
     0 | D:1      | zishaf the Vine Stalker Brigand began the quest for the
                  | Orb.
     0 | D:1      | Reached XP level 1. HP: 11/11 MP: 2/2
   444 | D:1      | Reached skill level 1 in Dodging
   444 | D:1      | Reached XP level 2. HP: 8/15 MP: 0/3
   447 | D:1      | Reached skill level 5 in Stealth
   697 | D:1      | Found a faded altar of an unknown god.
   799 | D:1      | Reached XP level 3. HP: 16/18 MP: 4/4
  1913 | D:2      | Found a shimmering blue altar of Sif Muna.
  1915 | D:2      | Gained mutation: Your natural rate of healing is unusually
                  | fast. [Vine Stalker growth]
  1915 | D:2      | Reached XP level 4. HP: 23/23 MP: 5/5
  2984 | D:3      | Noticed Natasha
  2985 | D:3      | Found a hazy altar of Hepliaklqana.
  2991 | D:3      | Killed Natasha
  2992 | D:3      | Reached XP level 5. HP: 28/28 MP: 6/6
  3003 | D:3      | Noticed Terence
  3165 | D:3      | Noticed Natasha
  3174 | D:3      | Killed Natasha
  3229 | D:3      | Killed Terence
  3320 | D:3      | Identified the ring "Lups" {rC+ rCorr Str+2 Stlth+}
  3398 | D:3      | Found a hazy altar of Hepliaklqana.
  3506 | D:3      | Noticed Natasha
  3534 | D:3      | Killed Natasha
  3554 | D:4      | Found a staircase to the Ecumenical Temple.
  3578 | D:4      | Reached XP level 6. HP: 32/32 MP: 7/7
  3584 | Temple   | Entered the Ecumenical Temple
  4067 | D:4      | Found a burning altar of Makhleb.
  4122 | D:4      | Reached XP level 7. HP: 37/37 MP: 8/8
  4389 | D:4      | Found a snail-covered altar of Cheibriados.
  4506 | D:5      | Entered Level 5 of the Dungeon
  4754 | D:5      | Reached skill level 5 in Fighting
  4754 | D:5      | Reached skill level 5 in Short Blades
  5171 | D:6      | Gained mutation: You have razor-sharp teeth. [Vine Stalker
                  | growth]
  5171 | D:6      | Reached XP level 8. HP: 39/43 MP: 7/9
  5226 | D:6      | Reached skill level 1 in Evocations
  5825 | D:7      | Got the Incunable of the Unstoppable Xalams
  6057 | D:7      | Reached XP level 9. HP: 18/49 MP: 2/10
  6059 | D:7      | Killed from afar by a steam dragon

Illustrated notes

Levels and vault maps discovered:
D:1:      co_arrival_random_square_maze, layout_basic,
          hellmonk_ecumenical_altar_lost_god, serial_forest,
          infiniplex_forest_split, infiniplex_forest_end_1,
          infiniplex_forest_end_2, infiniplex_forest_straight_1
D:2:      layout_basic, basic_altar
D:3:      layout_rooms, old_standard_altar, uniq_natasha, uniq_terence
D:4:      nicolae_cairo_tiling_large, layout_cave_pools,
          lemuel_coloured_pillars_altar, amcnicky_altar_gilded,
          minmay_temple_entry_grid, nicolae_zen_rock_garden
D:5:      layout_cave_pools
D:6:      layout_rooms, kennysheep_another_room, minivault_4
D:7:      layout_basic, gammafunk_ghost_hive, kennysheep_generic_room_16
Temple:   nicolae_temple_bog_church

Skill      XL: |  1  2  3  4  5  6  7  8 |
---------------+-------------------------+-----
Dodging        | 1 |  1.0
Fighting       | 2 3 4 5 6 |  6.3
Throwing       | 2 3 4 |  4.0
Stealth        | 5 |  5.0
Short Blades   | 2 3 4 5 6 |  6.3
Evocations     | 3 |  3.5

Action                   |  1- 3 |  4- 6 |  7- 9 || total
-------------------------+-------+-------+-------++-------
Melee: Dagger            |   387 |   185 |   214 ||   786
       Bite              |   186 |    64 |    49 ||   299
       Punch             |     8 |     4 |     2 ||    14
Throw: Dart              |       |     4 |     5 ||     9
Evoke: Wand              |       |       |     3 ||     3
  Use: Potion            |     1 |       |     2 ||     3
       Scroll            |       |       |    22 ||    22
 Stab: Sleeping          |    11 |     4 |     4 ||    19
       Distracted        |       |     1 |       ||     1
Armor: Robe              |    19 |     6 |       ||    25
       Ring mail         |       |    47 |    87 ||   134
       Skin              |       |       |    36 ||    36
Dodge: Dodged            |    52 |    87 |    93 ||   232

Table legend: (Time is in decaauts)
 A = Elapsed time spent in this place.
 B = Non-inter-level travel time spent in this place.
 C = Inter-level travel time spent in this place.
 D = Time resting spent in this place.
 E = Time spent auto-exploring this place.
 F = Levels seen in this place.
 G = Mean time per level.
                   A        B        C        D        E       F      G
               +--------+--------+--------+--------+--------+-----+--------+
         Total |   5942 |   5628 |    314 |    279 |   3898 |   8 |  742.8 |
       Dungeon |   5766 |   5483 |    283 |    279 |   3767 |   7 |  823.7 |
        Temple |    175 |    144 |     31 |      0 |    131 |   1 |  175.0 |
               +--------+--------+--------+--------+--------+-----+--------+

Top non-repeatable levels by time:
     D:1: 1402 daAuts
     D:2: 1236 daAuts
     D:3: 871 daAuts
     D:4: 767 daAuts
     D:5: 675 daAuts
     D:6: 578 daAuts
     D:7: 234 daAuts
  Temple: 175 daAuts
